 Dungeon Crawl Stone Soup version 0.22.1-1-ga44c0e56f4 (webtiles) character file.

1379 JOKERXD40 the Cleaver (level 8, -7/106 HPs)
             Began as a Minotaur Berserker on Oct 26, 2018.
             Was a Priest of Trog.
             Killed from afar by a manticore (18 damage)
             ... with a volley of spikes
             ... on level 6 of the Dungeon.
             The game lasted 00:13:59 (4330 turns).

JOKERXD40 the Cleaver (Minotaur Berserker)          Turns: 4330, Time: 00:14:00

Health: -7/106     AC:  4    Str: 28    XL:     8   Next: 39%
Magic:  7/7        EV: 10    Int:  4    God:    Trog [***...]
Gold:   263        SH:  0    Dex: 11    Spells: 7/7 levels left

rFire    . . .     SeeInvis .   A - +0 war axe
rCold    . . .     Gourm    .   (no shield)
rNeg     . . .     Faith    .   y - +0 chain mail
rPois    .         Spirit   .   (helmet restricted)
rElec    .         Reflect  .   (no cloak)
rCorr    .         Harm     .   (no gloves)
MR       .....                  B - +2 pair of boots
Stlth    ..........             (no amulet)
HPRegen  0.27/turn              (no ring)
MPRegen  0.10/turn              (no ring)

@: berserking, barbed spikes, corroded, very quick
A: retaliatory headbutt, horns 2
a: Berserk, Trog's Hand, Renounce Religion


You were on level 6 of the Dungeon.
You worshipped Trog.
Trog was most pleased with you.
You were not hungry.

You visited 1 branch of the dungeon, and saw 6 of its levels.

You collected 263 gold pieces.

Inventory:

Hand Weapons
 m - a +0 mace
 A - a +0 war axe (weapon)
Missiles
 d - 154 stones (quivered)
 r - a throwing net
 s - 2 tomahawks
Armour
 y - a +0 chain mail (worn)
 B - a +2 pair of boots (worn)
Jewellery
 C - the ring "Hozoxin" {rElec rPois rN+++ Int+4 Slay-4, unknown}
   (You took it off a gnoll on level 6 of the Dungeon)

   [ring of poison resistance]

   It affects your intelligence (+4).
   It affects your accuracy and damage with ranged weapons and melee attacks
   (-4).
   It insulates you from electricity.
   It protects you from poison.
   It renders you almost immune to negative energy.
Scrolls
 a - 5 scrolls of identify
 f - a scroll of remove curse
 g - a scroll of fog {unknown}
 k - a scroll of enchant armour {unknown}
 l - 6 scrolls of teleportation
 t - 2 scrolls of immolation {unknown}
 v - 2 scrolls of amnesia {unknown}
 x - a scroll of magic mapping {unknown}
 z - 2 scrolls of noise {unknown}
Potions
 b - 2 potions of heal wounds {unknown}
 e - 2 potions of brilliance {unknown}
 h - 2 potions of curing
 i - a potion of mutation {unknown}
 n - a potion of degeneration {unknown}
 o - 2 potions of ambrosia {unknown}
 p - 2 potions of berserk rage {unknown}
 q - 2 potions of agility {unknown}
 u - a potion of might {unknown}
 w - a potion of resistance {unknown}
Comestibles
 c - 12 rations


   Skills:
 + Level 6.4 Fighting
 + Level 8.4 Axes
 + Level 4.4 Throwing
 + Level 4.1 Armour
 + Level 4.3 Dodging
 + Level 1.4 Stealth


You had 7 spell levels left.
You didn't know any spells.
Your spell library was empty.

Dungeon Overview and Level Annotations

Branches:
Dungeon (6/15)
 Temple: D:4-7

Altars:
Elyvilon
Nemelex Xobeh
Qazlal
Ru
Trog
Vehumet

Shops:
D:4 =


Innate Abilities, Weirdness & Mutations

You reflexively headbutt those who attack you in melee.
You have a pair of horns on your head.


Message History

There are monsters nearby!
Your ogre goes berserk!
You feel somewhat more hungry.
You can no longer call in reinforcements.
The phantom hits you.
The phantom blinks!
The manticore flicks its tail.
The volley of spikes hits you!
The barbed spikes become lodged in your body.
* * * LOW HITPOINT WARNING * * *
A red film seems to cover your vision as you go berserk!
You feel yourself moving faster!
You feel mighty!
You are near starving!
The phantom hits your ogre.
Your ogre hits the phantom with a giant club!
You eat one of the 13 rations.
That ration really hit the spot!
You feel a strong urge to attack something.
The manticore flicks its tail.
The volley of spikes hits you!
The barbed spikes become lodged in your body.
You die...

......# ......# ... ...
......# .... .... +##..##
....#######...
.##..######.H........#
..........#....W.....#
..........#.....O....#
..........#..........+
.........)#.....@....#
.....###..#......ยง...###
################........
...............#........
...............#........
...............'........
...............#........
################........
.....................###


You could see a manticore, a phantom and a friendly ogre (berserk).

Vanquished Creatures
  A sky beast (D:5)
  An ice beast (D:5)
  4 ogres
  A scorpion (D:5)
  A bullfrog zombie (D:5)
  3 crimson imps
  4 hounds
  3 orc priests
  An iguana (D:6)
  A jelly (D:6)
  A centaur skeleton (D:6)
  Jessica (D:3)
  2 orc wizards (D:5)
  A worker ant (D:4)
  A hound zombie (D:5)
  3 hound skeletons (D:4)
  3 gnolls (D:6)
  8 adders
  2 worms
  A dart slug (D:1)
  5 leopard geckos
  16 orcs
  2 ball pythons
  5 bats
  10 giant cockroaches
  7 goblins
  13 hobgoblins
  14 jackals
  7 kobolds
  3 quokkas
  8 frilled lizards
  A quokka skeleton (D:5)
  12 rats
146 creatures vanquished.

Notes
Turn   | Place    | Note
-------+----------+-------------------------------------------
     0 | D:1      | JOKERXD40 the Minotaur Berserker began the quest for the
                  | Orb.
     0 | D:1      | Reached XP level 1. HP: 19/19 MP: 0/0
    99 | D:1      | Reached XP level 2. HP: 25/27 MP: 1/1
   123 | D:1      | Reached skill level 4 in Axes
   414 | D:1      | Reached XP level 3. HP: 33/33 MP: 2/2
   415 | D:1      | Reached ** piety under Trog
  1116 | D:3      | Reached XP level 4. HP: 31/41 MP: 3/3
  1156 | D:3      | Reached skill level 1 in Throwing
  1299 | D:3      | Noticed Jessica
  1304 | D:3      | Noticed an ogre
  1309 | D:3      | Killed an ogre
  1309 | D:3      | Reached skill level 5 in Axes
  1309 | D:3      | Reached XP level 5. HP: 47/47 MP: 4/4
  1314 | D:3      | Killed Jessica
  1376 | D:3      | Reached *** piety under Trog
  1715 | D:3      | Reached skill level 5 in Fighting
  1923 | D:4      | Reached XP level 6. HP: 49/56 MP: 5/5
  2030 | D:4      | Reached skill level 6 in Axes
  2406 | D:4      | Reached XP level 7. HP: 20/61 MP: 6/6
  2614 | D:4      | Found Ekhavaux's Jewellery Emporium.
  3032 | D:5      | Entered Level 5 of the Dungeon
  3032 | D:5      | Found a radiant altar of Vehumet.
  3032 | D:5      | Found a sacrificial altar of Ru.
  3032 | D:5      | Found a bloodstained altar of Trog.
  3032 | D:5      | Found a white marble altar of Elyvilon.
  3044 | D:5      | Reached skill level 1 in Stealth
  3097 | D:5      | Reached skill level 7 in Axes
  3289 | D:5      | Reached XP level 8. HP: 27/70 MP: 7/7
  3671 | D:5      | Reached skill level 8 in Axes
  3921 | D:5      | Found a sparkling altar of Nemelex Xobeh.
  4036 | D:6      | Found a stormy altar of Qazlal.
  4047 | D:6      | Reached **** piety under Trog
  4066 | D:6      | Got a transparent golden ring
  4326 | D:6      | Noticed a manticore
  4330 | D:6      | Killed from afar by a manticore

Skill      XL: |  1  2  3  4  5  6  7  8 |
---------------+-------------------------+-----
Fighting       | 4 5 6 |  6.4
Axes           | 4 5 6 7 8 |  8.4
Throwing       | 1 2 3 4 |  4.4
Dodging        | 3 4 |  4.3
Stealth        | 1 |  1.4
Armour         | 3 4 |  4.1

Action                   |  1- 3 |  4- 6 |  7- 9 || total
-------------------------+-------+-------+-------++-------
Melee: Hand axe          |    68 |    76 |   114 ||   258
       Headbutt          |    17 |    11 |    33 ||    61
       Whip              |       |     2 |       ||     2
       War axe           |       |       |    18 ||    18
Throw: Stone             |    35 |    43 |    39 ||   117
Invok: Berserk           |     1 |     2 |     4 ||     7
       Brothers in Arms  |       |       |     1 ||     1
  Use: Scroll            |       |     2 |     2 ||     4
 Stab: Sleeping          |     1 |       |       ||     1
  Eat: Chunk             |       |     5 |     7 ||    12
       Ration            |       |     1 |     1 ||     2
Armor: Animal skin       |    15 |     2 |       ||    17
       Chain mail        |       |       |    61 ||    61
Dodge: Dodged            |    38 |    48 |    47 ||   133
